 Dungeon Crawl Stone Soup version 0.31-a0-222-gefeffbb62a (webtiles) character file.

Game seed: 9842512173828491138

3875 qw the Cleaver (level 10, -2/63 HPs)
             Began as a Gargoyle Fighter on July 4, 2023.
             Was an Initiate of Okawaru.
             Slain by Erica
             ... wielding a +4 scimitar of flaming
              (4 damage)
             ... on level 8 of the Dungeon.
             The game lasted 00:03:34 (6198 turns).

qw the Cleaver (Gargoyle Fighter)                   Turns: 6198, Time: 00:03:34

Health: -2/63      AC: 25    Str: 25      XL:     10   Next: 19%
Magic:  11/11      EV: 12    Int:  8      God:    Okawaru [......]
Gold:   144        SH:  9    Dex:  8 (9)  Spells: 9/9 levels left

rFire   . . .        Y - +1 war axe
rCold   . . .        c - +0 buckler
rNeg    + . .        r - +0 plate armour
rPois   inf          i - +0 helmet
rElec   +            (no cloak)
rCorr   .            k - +2 pair of gloves
SInv    .            t - +0 pair of boots
Will    .....        u - amulet of reflection Stlth
                     e - +5 ring of evasion
HPRegen 0.30/turn    (no ring)
MPRegen 0.12/turn

%: reflection
@: slowed, very slow
A: sickness immunity, AC +7, negative energy resistance 1, electricity
resistance, torment resistance 1, petrification resistance, low MP 1
a: Renounce Religion


You were on level 8 of the Dungeon.
You worshipped Okawaru.
Okawaru was noncommittal.
You visited 2 branches of the dungeon, and saw 9 of its levels.

You collected 505 gold pieces.
You spent 361 gold pieces at shops.


Innate Abilities, Weirdness & Mutations

You are immune to sickness and miasma.
Your stone body is resilient. (AC +7)
You are immune to poison.
You resist negative energy. (rN+)
You are resistant to electric shocks. (rElec)
You are resistant to unholy torment.
You are immune to petrification.
Your magical capacity is low. (-10% MP)


   Skills:
 - Level 7.1 Fighting
 + Level 9.5 Axes
 - Level 4.5 Throwing
 - Level 6.2 Armour
 - Level 1.0 Dodging
 - Level 4.1 Shields
 - Level 3.6 Invocations


You had 9 spell levels left.
You didn't know any spells.
Your spell library was empty.

Inventory:

Hand Weapons
 n - a +0 flail
 Y - a +1 war axe (weapon)
Armour
 c - a +0 buckler (worn)
 i - a +0 helmet (worn)
 k - a +2 pair of gloves (worn)
 r - a +0 plate armour (worn)
 t - a +0 pair of boots (worn)
Jewellery
 e - a +5 ring of evasion (left hand)
 u - an amulet of reflection (around neck)
 v - a +6 ring of intelligence
 w - a ring of protection from cold
Scrolls
 h - a scroll of identify
Potions
 a - 4 potions of haste
 b - a potion of enlightenment
 d - a potion of might
 f - 4 potions of attraction
 j - 3 potions of heal wounds
 l - a potion of resistance
 m - a potion of magic
 o - a potion of lignification
 q - a potion of mutation
 s - a potion of berserk rage {unknown}

Dungeon Overview and Level Annotations

Branches:
Dungeon (8/15)             Temple (1/1) D:7            Lair (0/5) D:8

Altars:
Ashenzari
Cheibriados
Dithmenos
Elyvilon
Fedhas
Gozag
Hepliaklqana
Kikubaaqudgha
Makhleb
Nemelex Xobeh
Okawaru
Qazlal
Ru
Sif Muna
Trog
Uskayaw
Vehumet
Wu Jian
Xom
Yredelemnul
Zin
The Shining One

Shops:
D:3 (   D:7 *=*(   D:8 *

Annotations:
D:7 3 runed translucent doors, qw's ghost, novice MiHs
D:8 Erica


Message History

The orc closely misses you.
Erica gestures wildly while chanting.
Erica flickers and vanishes!
Deactivating autopickup; reactivate with Ctrl-A.
You hit the orc.
The orc is lightly wounded.
You barely miss something. You block something's attack.
The orc hits you but does no damage.
You slash the orc!
You kill the orc!
Okawaru accepts your kill.
You miss something.
You hear some strange, mumbled words.
You feel as though you will be slow longer.
You barely miss something. Something hits you! Something burns you.
6187 ||| STILL FLEEEEING.
You block something's attack. Something completely misses you.
6188 ||| STILL FLEEEEING.
Something barely misses you.
6189 ||| STILL FLEEEEING.
Something hits you but does no damage.
You miss something. Something hits you! Something burns you.
You miss something.
You hear some strange, mumbled words.
You are confused.
Something hits you but does no damage. x2
You feel like a meek peon again.
You closely miss something. Something hits you. Something burns you.
Something hits you but does no damage.
You're too confused to move!
Something hits you but does no damage.
You're too confused to move!
You feel less confused.
Something hits you but does no damage. x2
You closely miss something. You block something's attack.
Something hits you but does no damage.
You hit something but do no damage. Something hits you! Something burns you.
You die...

....####......'.# .#.............
....'.##......#.# .#......./.....
....#.#########.# +.............
#####.#.........####.............
#.#..........................
#.#..........................
#.#..................(.......
#>#.............#############
#.#.........@...#
#.#........{....#
#.#.............#
#.#.............#........
#.##............#.........
#.##....).......#..........
#.##............+..........#
#.##....###'##+##..........#
#.#.....# #.##.##..........#


There were no monsters in sight!

Vanquished Creatures
  Pikel (D:4)
  An elephant (D:8)
  Maggie (D:7)
  2 hornets (D:7)
  Sigmund (D:2)
  A yak (D:8)
  A basilisk (D:8)
  2 water moccasins
  A sky beast (D:8)
  Duvessa (D:5)
  An ice beast (D:6)
  A black bear (D:8)
  2 centaurs
  A phantom (D:3)
  Blork the orc (D:4)
  2 lemures (D:4)
  2 scorpions
  Dowan (D:5)
  5 killer bees (D:8)
  A jelly (D:7)
  3 orc priests
  A sleepcap (D:4)
  Jessica (D:2)
  Ijyb (D:5)
  Natasha (thrice) (D:2)
  4 iguanas
  6 orc wizards
  Robin (D:4)
  4 gnolls (D:5)
  6 adders
  2 white imps
  A worm (D:4)
  A dart slug (D:2)
  20 orcs
  6 ball pythons
  6 bats
  2 endoplasms
  2 giant cockroaches
  14 goblins
  8 hobgoblins
  2 jackals (D:1)
  10 kobolds
  4 quokkas
  8 frilled lizards
  5 rats
150 creatures vanquished.

Notes
Turn   | Place    | Note
-------+----------+-------------------------------------------
     0 | D:1      | qw the Gargoyle Fighter began the quest for the Orb.
     0 | D:1      | Reached XP level 1. HP: 14/14 MP: 1/1
     0 | D:1      | 0 ||| qw: Version: 0.3-a-46-gb1f654a
     0 | D:1      | 0 ||| qw: Game counter: 955
     0 | D:1      | 0 ||| qw: Melee chars always use a shield: true
     0 | D:1      | 0 ||| qw: God list: Okawaru
     0 | D:1      | 0 ||| qw: Allow faded altars: false
     0 | D:1      | 0 ||| qw: Do Orc after clearing Dungeon:15 true
     0 | D:1      | 0 ||| qw: Do second Lair branch before Depths: true
     0 | D:1      | 0 ||| qw: Lair rune preference: random
     0 | D:1      | 0 ||| qw: Goals: Normal, Zot:1-4, Slime:5, God:TSO, Crypt,
                  | Tomb, Abyss, Pan, Hells, Win
     0 | D:1      | 0 ||| PLANNING D:1-11
    39 | D:1      | Reached skill level 2 in Axes
    87 | D:1      | Reached XP level 2. HP: 19/19 MP: 2/2
   176 | D:1      | 176 ||| DROPPING +0 club.
   281 | D:1      | 281 ||| Stepping ~*~*~tactically~*~*~ (stealth).
   282 | D:1      | 282 ||| Stepping ~*~*~tactically~*~*~ (stealth).
   283 | D:1      | 283 ||| Stepping ~*~*~tactically~*~*~ (stealth).
   284 | D:1      | 284 ||| Stepping ~*~*~tactically~*~*~ (hiding).
   285 | D:1      | 285 ||| Stepping ~*~*~tactically~*~*~ (hiding).
   426 | D:1      | Reached skill level 3 in Axes
   428 | D:1      | Found a faded altar of an unknown god.
   546 | D:1      | 546 ||| UPGRADING to +5 ring of evasion.
   547 | D:1      | 547 ||| DROPPING ring of magical power.
   548 | D:1      | 548 ||| READING scroll labelled JOXOTIL CECHER.
   553 | D:1      | 553 ||| READING scroll labelled XAETZU ANLUT.
   554 | D:1      | 554 ||| READING 3 scrolls labelled KOOX ZOVEISHRUQ.
   555 | D:1      | 555 ||| READING scroll labelled UWINNUWN WIPA.
   556 | D:1      | 556 ||| DROPPING 2 scrolls of noise.
   596 | D:2      | Reached XP level 3. HP: 23/23 MP: 3/3
   640 | D:2      | Noticed Natasha
   648 | D:2      | Killed Natasha
   655 | D:2      | Reached XP level 4. HP: 23/28 MP: 4/4
   920 | D:2      | Noticed Sigmund
   928 | D:2      | Killed Sigmund
   929 | D:2      | Reached skill level 5 in Axes
   929 | D:2      | Reached XP level 5. HP: 27/32 MP: 5/5
  1010 | D:2      | Noticed Natasha
  1017 | D:2      | 1017 ||| READING scroll of teleportation.
  1018 | D:2      | 1018 ||| FLEEEEING.
  1019 | D:2      | 1019 ||| FLEEEEING.
  1020 | D:2      | 1020 ||| FLEEEEING.
  1022 | D:2      | 1022 ||| FLEEEEING.
  1023 | D:2      | 1023 ||| FLEEEEING.
  1024 | D:2      | 1024 ||| FLEEEEING.
  1025 | D:2      | 1025 ||| FLEEEEING.
  1026 | D:2      | 1026 ||| FLEEEEING.
  1027 | D:2      | 1027 ||| FLEEEEING.
  1028 | D:2      | 1028 ||| FLEEEEING.
  1030 | D:2      | 1030 ||| FLEEEEING.
  1031 | D:2      | 1031 ||| FLEEEEING.
  1033 | D:2      | 1033 ||| FLEEEEING.
  1035 | D:2      | 1035 ||| FLEEEEING.
  1037 | D:2      | 1037 ||| FLEEEEING.
  1038 | D:2      | HP: 5/32 [Natasha (9)]
  1039 | D:2      | 1039 ||| FLEEEEING.
  1039 | D:2      | HP: 1/32 [cerulean imp/+2 spear[Natasha] (4)]
  1044 | D:2      | HP: 4/48 [Natasha (1)]
  1046 | D:2      | Killed Natasha
  1047 | D:2      | Reached XP level 6. HP: 6/38 MP: 6/6
  1091 | D:2      | Noticed Natasha
  1097 | D:2      | 1097 ||| FLEEEEING.
  1097 | D:2      | HP: 6/38 [Natasha/magic dart (8)]
  1098 | D:2      | 1098 ||| FLEEEEING.
  1099 | D:2      | 1099 ||| FLEEEEING.
  1100 | D:2      | 1100 ||| FLEEEEING.
  1101 | D:2      | 1101 ||| FLEEEEING.
  1102 | D:2      | 1102 ||| FLEEEEING.
  1103 | D:2      | 1103 ||| FLEEEEING.
  1104 | D:2      | 1104 ||| FLEEEEING.
  1105 | D:2      | 1105 ||| FLEEEEING.
  1106 | D:2      | 1106 ||| FLEEEEING.
  1107 | D:2      | 1107 ||| FLEEEEING.
  1108 | D:2      | 1108 ||| FLEEEEING.
  1109 | D:2      | HP: 7/38 [Natasha (3)]
  1111 | D:2      | Killed Natasha
  1378 | D:2      | Noticed Jessica
  1388 | D:2      | Killed Jessica
  1389 | D:2      | Reached skill level 1 in Dodging
  1475 | D:2      | 1475 ||| READING scroll labelled YSTOSH JOEF.
  1476 | D:2      | 1476 ||| DRINKING 3 bubbling puce potions.
  1477 | D:2      | 1477 ||| READING 3 scrolls of identify.
  1477 | D:2      | 1477 ||| IDENTIFYING white potion
  1478 | D:2      | 1478 ||| READING 2 scrolls of identify.
  1478 | D:2      | 1478 ||| IDENTIFYING ruby potion
  1479 | D:2      | 1479 ||| DROPPING potion of brilliance.
  1616 | D:3      | Found Hijodwir's Antique Weapon Emporium.
  1674 | D:3      | Reached skill level 6 in Axes
  1724 | D:3      | 1724 ||| Stepping ~*~*~tactically~*~*~ (hiding).
  1848 | D:3      | Reached XP level 7. HP: 39/43 MP: 7/7
  2129 | D:3      | 2129 ||| UPGRADING to +2 pair of gloves.
  2266 | D:4      | 2266 ||| DROPPING +0 mace.
  2316 | D:4      | 2316 ||| Stepping ~*~*~tactically~*~*~ (hiding).
  2326 | D:4      | Reached skill level 7 in Axes
  2332 | D:4      | Noticed Robin
  2334 | D:4      | Noticed Blork the orc
  2370 | D:4      | 2370 ||| FLEEEEING.
  2371 | D:4      | 2371 ||| FLEEEEING.
  2372 | D:4      | 2372 ||| FLEEEEING.
  2373 | D:4      | 2373 ||| FLEEEEING.
  2374 | D:4      | 2374 ||| FLEEEEING.
  2375 | D:4      | 2375 ||| FLEEEEING.
  2376 | D:4      | 2376 ||| FLEEEEING.
  2377 | D:4      | 2377 ||| FLEEEEING.
  2378 | D:4      | 2378 ||| FLEEEEING.
  2379 | D:4      | 2379 ||| FLEEEEING.
  2380 | D:4      | 2380 ||| FLEEEEING.
  2381 | D:4      | 2381 ||| FLEEEEING.
  2382 | D:4      | 2382 ||| FLEEEEING.
  2383 | D:4      | 2383 ||| FLEEEEING.
  2384 | D:4      | 2384 ||| FLEEEEING.
  2385 | D:4      | 2385 ||| FLEEEEING.
  2385 | D:4      | HP: 10/44 [Blork the orc/puff of frost (6)]
  2386 | D:4      | 2386 ||| DRINKING potion of heal wounds.
  2387 | D:4      | 2387 ||| FLEEEEING.
  2388 | D:4      | 2388 ||| FLEEEEING.
  2389 | D:4      | 2389 ||| FLEEEEING.
  2390 | D:4      | 2390 ||| FLEEEEING.
  2391 | D:4      | 2391 ||| FLEEEEING.
  2392 | D:4      | 2392 ||| FLEEEEING.
  2393 | D:4      | 2393 ||| FLEEEEING.
  2394 | D:4      | 2394 ||| FLEEEEING.
  2395 | D:4      | 2395 ||| FLEEEEING.
  2396 | D:4      | 2396 ||| FLEEEEING.
  2397 | D:4      | 2397 ||| FLEEEEING.
  2398 | D:4      | 2398 ||| FLEEEEING.
  2399 | D:4      | HP: 11/44 [Blork the orc/puff of flame (9)]
  2406 | D:4      | HP: 8/44 [goblin/+0 club[Robin] (2)]
  2407 | D:4      | Killed Blork the orc
  2438 | D:4      | 2438 ||| FLEEEEING.
  2439 | D:4      | 2439 ||| FLEEEEING.
  2440 | D:4      | 2440 ||| FLEEEEING.
  2441 | D:4      | 2441 ||| FLEEEEING.
  2442 | D:4      | 2442 ||| FLEEEEING.
  2443 | D:4      | 2443 ||| FLEEEEING.
  2444 | D:4      | 2444 ||| FLEEEEING.
  2445 | D:4      | 2445 ||| FLEEEEING.
  2446 | D:4      | 2446 ||| FLEEEEING.
  2447 | D:4      | 2447 ||| FLEEEEING.
  2460 | D:4      | 2460 ||| Stepping ~*~*~tactically~*~*~ (hiding).
  2464 | D:4      | Killed Robin
  2647 | D:4      | 2647 ||| Stepping ~*~*~tactically~*~*~ (stealth).
  2648 | D:4      | 2648 ||| Stepping ~*~*~tactically~*~*~ (stealth).
  2659 | D:4      | 2659 ||| Stepping ~*~*~tactically~*~*~ (stealth).
  2660 | D:4      | Noticed Pikel
  2661 | D:4      | 2661 ||| Stepping ~*~*~tactically~*~*~ (stealth).
  2663 | D:4      | 2663 ||| Stepping ~*~*~tactically~*~*~ (hiding).
  2680 | D:4      | Killed Pikel
  2681 | D:4      | Reached XP level 8. HP: 20/49 MP: 8/8
  2696 | D:4      | 2696 ||| FLEEEEING.
  2698 | D:4      | 2698 ||| FLEEEEING.
  2701 | D:4      | 2701 ||| FLEEEEING.
  2900 | D:4      | Found a shadowy altar of Dithmenos.
  2928 | D:4      | 2928 ||| Stepping ~*~*~tactically~*~*~ (hiding).
  3083 | D:4      | Found an opulent altar of Gozag.
  3378 | D:4      | 3378 ||| UPGRADING to +0 helmet.
  3383 | D:4      | 3383 ||| UPGRADING to +0 chain mail.
  3393 | D:4      | 3393 ||| DROPPING +0 scale mail.
  3394 | D:4      | 3394 ||| READING 2 scrolls of identify.
  3394 | D:4      | 3394 ||| IDENTIFYING bubbling coppery potion
  3460 | D:5      | Entered Level 5 of the Dungeon
  3486 | D:5      | Noticed Ijyb
  3490 | D:5      | 3490 ||| DRINKING potion of curing.
  3490 | D:5      | 3490 ||| (to cure confusion)
  3511 | D:5      | Killed Ijyb
  3524 | D:5      | Noticed Dowan
  3525 | D:5      | 3525 ||| Stepping ~*~*~tactically~*~*~ (stealth).
  3526 | D:5      | 3526 ||| Stepping ~*~*~tactically~*~*~ (stealth).
  3531 | D:5      | 3531 ||| Stepping ~*~*~tactically~*~*~ (stealth).
  3532 | D:5      | 3532 ||| Stepping ~*~*~tactically~*~*~ (stealth).
  3534 | D:5      | 3534 ||| Stepping ~*~*~tactically~*~*~ (hiding).
  3539 | D:5      | Noticed Duvessa
  3541 | D:5      | Killed Dowan
  3552 | D:5      | HP: 11/49 [Duvessa/+0 rapier (11)]
  3553 | D:5      | Killed Duvessa
  3707 | D:5      | Found a hazy altar of Hepliaklqana.
  3944 | D:5      | 3944 ||| Stepping ~*~*~tactically~*~*~ (hiding).
  3945 | D:5      | 3945 ||| Stepping ~*~*~tactically~*~*~ (hiding).
  3963 | D:5      | Reached skill level 8 in Axes
  4110 | D:5      | 4110 ||| Stepping ~*~*~tactically~*~*~ (hiding).
  4111 | D:5      | 4111 ||| Stepping ~*~*~tactically~*~*~ (hiding).
  4117 | D:5      | 4117 ||| Stepping ~*~*~tactically~*~*~ (hiding).
  4163 | D:5      | 4163 ||| READING scroll labelled LEYTIY MYMAWK.
  4204 | D:6      | Reached XP level 9. HP: 40/55 MP: 9/9
  4347 | D:6      | 4347 ||| Stepping ~*~*~tactically~*~*~ (hiding).
  4348 | D:6      | 4348 ||| Stepping ~*~*~tactically~*~*~ (hiding).
  4350 | D:6      | 4350 ||| Stepping ~*~*~tactically~*~*~ (hiding).
  4351 | D:6      | 4351 ||| Stepping ~*~*~tactically~*~*~ (hiding).
  4361 | D:6      | Reached skill level 6 in Fighting
  4361 | D:6      | 4361 ||| Stepping ~*~*~tactically~*~*~ (stealth).
  4434 | D:6      | 4434 ||| Stepping ~*~*~tactically~*~*~ (hiding).
  4625 | D:6      | 4625 ||| DROPPING +1 robe of resistance.
  4626 | D:6      | 4626 ||| UPGRADING to +0 plate armour.
  4636 | D:6      | 4636 ||| DROPPING +0 chain mail.
  4637 | D:6      | 4637 ||| UPGRADING to +0 pair of boots.
  4642 | D:6      | 4642 ||| READING scroll labelled GAAR ELAGUSAU.
  4680 | D:6      | 4680 ||| DRINKING 2 fizzy yellow potions.
  4680 | D:6      | Gained mutation: Your magical capacity is low. (-10% MP)
                  | [potion of mutation]
  4681 | D:6      | 4681 ||| READING 4 scrolls of identify.
  4681 | D:6      | 4681 ||| IDENTIFYING fuming yellow potion
  4682 | D:6      | 4682 ||| READING 3 scrolls of identify.
  4682 | D:6      | 4682 ||| IDENTIFYING glowing coppery potion
  4733 | D:7      | Noticed a hornet
  4743 | D:7      | Killed a hornet
  4746 | D:7      | Found a stormy altar of Qazlal.
  4747 | D:7      | Found Borala's Assorted Antiques.
  4758 | D:7      | Found a staircase to the Ecumenical Temple.
  4759 | D:7      | 4759 ||| PLANNING TEMPLE
  4769 | D:7      | Found Hearaguh's Jewellery Shoppe.
  4810 | D:7      | 4810 ||| BUYING 2 potions of heal wounds (280 gold).
  4810 | D:7      | Bought 2 potions of heal wounds for 280 gold pieces
  4810 | D:7      | 4810 ||| BUYING amethyst potion (25 gold).
  4810 | D:7      | Bought an amethyst potion for 25 gold pieces
  4810 | D:7      | 4810 ||| SHOPLISTING dented jade amulet (140 gold, have
                  | 36).
  4810 | D:7      | 4810 ||| BUYING scroll labelled POOMMU DINIUB (28 gold).
  4810 | D:7      | Bought a scroll labelled POOMMU DINIUB for 28 gold pieces
  4815 | D:7      | 4815 ||| SHOPLISTING +4 ring of slaying (936 gold, have 8).
  4815 | D:7      | 4815 ||| SHOPLISTING +6 ring of dexterity (432 gold, have
                  | 8).
  4815 | D:7      | 4815 ||| SHOPLISTING ring "Forget-Me-Not" {Ice rN+ Str+4}
                  | (535 gold, have 8).
  4815 | D:7      | 4815 ||| SHOPLISTING ring "Zukekhli" {rF+ Int+6 Dex+3} (675
                  | gold, have 8).
  4815 | D:7      | 4815 ||| SHOPLISTING ring of ice (300 gold, have 8).
  4815 | D:7      | 4815 ||| SHOPLISTING ring of protection from cold (300
                  | gold, have 8).
  4815 | D:7      | 4815 ||| SHOPLISTING ring of protection from fire (300
                  | gold, have 8).
  4815 | D:7      | 4815 ||| SHOPLISTING ring of willpower (300 gold, have 8).
  4852 | D:7      | 4852 ||| READING scroll labelled POOMMU DINIUB.
  4853 | D:7      | 4853 ||| READING 2 scrolls of identify.
  4853 | D:7      | 4853 ||| IDENTIFYING silvery potion
  4854 | D:7      | 4854 ||| DROPPING potion of ambrosia.
  4867 | Temple   | Entered the Ecumenical Temple
  4869 | Temple   | 4869 ||| PLANNING OKAWARU WORSHIP
  5074 | Temple   | Became a worshipper of Warmaster Okawaru
  5075 | Temple   | 5075 ||| PLANNING D:1-11
  5187 | D:7      | Found Hytaappo's Weapon Boutique.
  5188 | D:7      | Noticed Maggie
  5189 | D:7      | 5189 ||| Stepping ~*~*~tactically~*~*~ (hiding).
  5190 | D:7      | 5190 ||| Stepping ~*~*~tactically~*~*~ (hiding).
  5192 | D:7      | 5192 ||| Stepping ~*~*~tactically~*~*~ (hiding).
  5202 | D:7      | Killed Maggie
  5203 | D:7      | Reached skill level 9 in Axes
  5366 | D:7      | Noticed a hornet
  5375 | D:7      | Killed a hornet
  5376 | D:7      | Reached skill level 6 in Armour
  5387 | D:7      | Found Tadelle's General Store.
  5401 | D:7      | 5401 ||| SHOPLISTING +2 pair of gloves of dexterity (301
                  | gold, have 35).
  5401 | D:7      | 5401 ||| BUYING scroll of identify (28 gold).
  5401 | D:7      | Bought a scroll of identify for 28 gold pieces
  5401 | D:7      | 5401 ||| SHOPLISTING scroll of teleportation (42 gold, have
                  | 7).
  5409 | D:7      | Noticed qw's ghost (novice MiHs)
  5417 | D:7      | Found a runed translucent gate.
  5417 | D:7      | Found a runed translucent gate.
  5417 | D:7      | Found a runed translucent gate.
  5634 | D:7      | 5634 ||| UPGRADING to amulet of reflection.
  5639 | D:7      | 5639 ||| READING scroll labelled DOMUUXT FYRIA.
  5640 | D:7      | 5640 ||| READING scroll labelled XARRYSU YXIK.
  5641 | D:7      | 5641 ||| DRINKING 2 coppery potions.
  5642 | D:7      | 5642 ||| READING 3 scrolls of identify.
  5642 | D:7      | 5642 ||| IDENTIFYING green potion
  5643 | D:7      | 5643 ||| READING 2 scrolls of identify.
  5643 | D:7      | 5643 ||| IDENTIFYING amethyst potion
  5644 | D:7      | 5644 ||| DROPPING potion of invisibility.
  5645 | D:7      | 5645 ||| DROPPING potion of degeneration.
  5677 | D:8      | Reached * piety under Okawaru
  5678 | D:8      | 5678 ||| INVOKING Heroism.
  5853 | D:8      | Reached skill level 1 in Invocations
  5907 | D:8      | 5907 ||| INVOKING Heroism.
  5907 | D:8      | Noticed an elephant
  5908 | D:8      | Found a staircase to the Lair.
  5914 | D:8      | Reached XP level 10. HP: 55/63 MP: 6/10
  5924 | D:8      | 5924 ||| INVOKING Heroism.
  5934 | D:8      | Killed an elephant
  5935 | D:8      | Reached skill level 3 in Invocations
  6088 | D:8      | Found Byosanue's Fire Supplies.
  6098 | D:8      | 6098 ||| SHOPLISTING +0 fire dragon scales (840 gold, have
                  | 125).
  6098 | D:8      | 6098 ||| SHOPLISTING +2 scale mail of fire resistance (294
                  | gold, have 125).
  6098 | D:8      | 6098 ||| SHOPLISTING ring of fire (350 gold, have 125).
  6146 | D:8      | Noticed Erica
  6147 | D:8      | 6147 ||| INVOKING Heroism.
  6154 | D:8      | 6154 ||| DRINKING potion of curing.
  6154 | D:8      | 6154 ||| (to cure confusion)
  6163 | D:8      | 6163 ||| FLEEEEING.
  6164 | D:8      | 6164 ||| FLEEEEING.
  6165 | D:8      | 6165 ||| FLEEEEING.
  6166 | D:8      | 6166 ||| FLEEEEING.
  6167 | D:8      | 6167 ||| FLEEEEING.
  6168 | D:8      | 6168 ||| FLEEEEING.
  6169 | D:8      | 6169 ||| FLEEEEING.
  6170 | D:8      | 6170 ||| FLEEEEING.
  6171 | D:8      | 6171 ||| FLEEEEING.
  6172 | D:8      | 6172 ||| FLEEEEING.
  6177 | D:8      | 6177 ||| FLEEEEING.
  6178 | D:8      | 6178 ||| FLEEEEING.
  6179 | D:8      | 6179 ||| FLEEEEING.
  6180 | D:8      | 6180 ||| FLEEEEING.
  6181 | D:8      | 6181 ||| INVOKING Heroism.
  6190 | D:8      | HP: 13/63 [something (3)]
  6198 | D:8      | HP: 2/63 [something (8)]
  6198 | D:8      | Slain by Erica

Levels and vault maps discovered:
D:1:      dpeg_arrival_water_temple_mockup, layout_rooms,
          hellmonk_ecumenical_altar_prayer_group
D:2:      layout_basic, uniq_sigmund, uniq_natasha, uniq_jessica
D:3:      layout_basic, serial_shops, shop, st_stairs_11
D:4:      layout_basic, nicolae_gozag_cash_rules_everything_around_me,
          mainiacjoe_overflow_alcove_4, uniq_robin, uniq_blork_the_orc,
          uniq_pikel
D:5:      layout_basic, mainiacjoe_overflow_six_doors_small, uniq_ijyb,
          uniq_duvessa
D:6:      layout_rooms
D:7:      layout_basic, grunt_qazlal_sundering, minmay_temple_entry_statues,
          serial_shops, shop, nicolae_shop_bloodbath_and_beyond, shop_statue,
          shop, enter_bailey_2, gammafunk_ghost_split, minmay_curled_crystal,
          kennysheep_generic_room_13, uniq_maggie
D:8:      layout_basic, david_lair_generic, nicolae_shop_fire_sale
          [nicolae_sub_dead_trees], uniq_erica
Temple:   hc_temple_tempest_star

Skill      XL: |  1  2  3  4  5  6  7  8  9 10 |
---------------+-------------------------------+-----
Axes           | 2 3 5 6 7 8 9 |  9.5
Fighting       | 4 5 7 |  7.1
Dodging        | 1 |  1.0
Throwing       | 4 |  4.5
Armour         | 4 6 |  6.2
Shields        | 4 |  4.1
Invocations    | 1 3 |  3.6

Action                     |  1- 3 |  4- 6 |  7- 9 | 10-12 || total
---------------------------+-------+-------+-------+-------++-------
  Melee: War axe           |    63 |   124 |   282 |    33 ||   502
         Unarmed           |       |     2 |     4 |       ||     6
  Throw: Boomerang         |       |    12 |    61 |     2 ||    75
 Invoke: Heroism           |       |       |     2 |     3 ||     5
    Use: Scroll            |     4 |     4 |    11 |       ||    19
         Potion            |       |     1 |     4 |     1 ||     6
 Armour: Scale mail        |    26 |    40 |    61 |       ||   127
         Skin              |       |    10 |     1 |       ||    11
         Chain mail        |       |       |    49 |       ||    49
         Plate armour      |       |       |   103 |    17 ||   120
  Dodge: Dodged            |    30 |    90 |   272 |    23 ||   415
  Block: Buckler           |    13 |    13 |    79 |    19 ||   124

Table legend:
 A = Non-vault XP
 B = Vault XP
 C = Vault XP percentage of total XP
 D = Non-vault monster count
 E = Vault monster count
 F = Vault count percentage of total count
                 A         B        C        D         E       F
            +---------+---------+-------+---------+---------+-------
      Total |    2755 |    2781 |  50.2 |     117 |      31 |  20.9
            +---------+---------+-------+---------+---------+-------
        D:1 |      30 |       2 |   6.2 |      17 |       1 |   5.6
        D:2 |     129 |     286 |  68.9 |      26 |       3 |  10.3
        D:3 |     157 |      88 |  35.9 |      13 |       4 |  23.5
        D:4 |     313 |     765 |  71.0 |      21 |      14 |  40.0
        D:5 |     340 |     238 |  41.2 |      11 |       3 |  21.4
        D:6 |     292 |       0 |   0.0 |      10 |       0 |   0.0
        D:7 |     835 |     437 |  34.4 |       8 |       2 |  20.0
        D:8 |     659 |     965 |  59.4 |      11 |       4 |  26.7
            +---------+---------+-------+---------+---------+-------
